AoeStats
← Sunscream

Arabia

510132636Analyzed
1v1 RM · 2d ago on Sep 29, 2026· 39m 45s· 2 players
Game mode
Random Map
Map size
Tiny (2 player)
Population
200
Speed
Normal
Resources
Standard
Victory
Conquest
Starting age
Dark Age
Ending age
Imperial Age
RankedLock teamsTeams togetherTeam positionsShared explorationLock speedFull tech treeHidden civsTurbo modeCheats
Victory
Defeat
🇨🇴 Magyars · Colombia
899
+16
🇬🇷 Poles · Greece
904
-16
Jason
7:02 Loom
10:16 Feudal Age
11:27 Horse Collar
20:35 Castle Age
18:39 Double-Bit Axe
18:45 Gold Mining
20:56 Scale Barding Armor
25:00 Town Watch
32:44 Wheelbarrow
32:56 Bloodlines
32:47 Husbandry
36:13 Town Patrol
Sunscream
7:30 Loom
10:26 Feudal Age
11:23 Double-Bit Axe
16:16 Fletching
22:41 Castle Age
23:42 Crossbowman
24:29 Thumb Ring
24:22 Bodkin Arrow
25:23 Horse Collar
36:32 Bow Saw
38:08 Scale Mail Armor
39:10 Wheelbarrow
Connection lost

Rejoining the realm…

Still unreachable

The connection could not be restored.

Session expired

The server has moved on; the page needs a fresh start.